 Dungeon Crawl Stone Soup version 0.27.0-1-g7a089689b8 (webtiles) character file.

Game seed: 3896025778231202009

32622 puppykicker the Cleaver (level 13, -8/111 HPs)
             Began as a Palentonga Berserker on Aug 13, 2021.
             Was a High Priest of Trog.
             Mangled by a cyan ugly thing (12 damage)
             ... on level 14 of the Dungeon.
             The game lasted 00:53:52 (15756 turns).

puppykicker the Cleaver (Palentonga Berserker)     Turns: 15756, Time: 00:53:53

Health: -8/111     AC: 28    Str: 26    XL:     13   Next: 32%
Magic:  13/13      EV: 11    Int:  8    God:    Trog [*****.]
Gold:   1259       SH:  0    Dex: 13    Spells: 12/12 levels left

rFire    + + .     SeeInvis +   a - +1 war axe (elec)
rCold    + . .     Faith    +   (no shield)
rNeg     . . .     Spirit   .   J - +3 troll leather armour {regen}
rPois    .         Reflect  .   n - +1 hat
rElec    .         Harm     .   N - scarf {rC+ rF+}
rCorr    .         Rampage  .   m - +0 pair of gloves
Will     +++..                  K - +4 barding
Stlth    ++........             R - amulet of faith {Faith, !P}
HPRegen  2.28/turn              y - ring of willpower
MPRegen  0.13/turn              F - ring of protection from fire

@: lethally poisoned (-8 -> -11), strong-willed, regenerating, curled up
A: large, rugged brown scales 3, see invisible, deformed body, roll 1, armoured
tail, reflexive curl, stinger 1, thin skeletal structure 1, agile 1
a: Rolling Charge, Renounce Religion, Berserk, Trog's Hand, Brothers in Arms


You were on level 14 of the Dungeon.
You worshipped Trog.
Trog was extremely pleased with you.
You visited 1 branch of the dungeon, and saw 14 of its levels.
You also visited: Bailey.

You collected 1759 gold pieces.
You spent 500 gold pieces at shops.

Inventory:

Hand Weapons
 a - a +1 war axe of electrocution (weapon)
 b - a +0 arbalest
 h - a +0 hand axe of flaming
 w - a +0 battleaxe
Missiles
 D - 65 poisoned darts (quivered)
 O - a curare-tipped dart
 Q - 172 bolts
Armour
 m - a +0 pair of gloves (worn)
 n - a +1 hat (worn)
 J - a +3 troll leather armour (worn) {regen}
 K - a +4 barding (worn)
 N - a scarf of resistance (worn)
Jewellery
 d - an amulet of reflection
 y - a ring of willpower (left hand)
 F - a ring of protection from fire (right hand)
 M - a ring of protection from cold
 R - an amulet of faith (around neck) {Faith, !P}
Wands
 r - a wand of mindburst (27)
 E - a wand of iceblast (31)
 S - a wand of acid (8)
Scrolls
 e - 3 scrolls of fear
 f - a scroll of fog
 i - 3 scrolls of identify
 j - 8 scrolls of noise {!r}
 p - 2 scrolls of immolation {!r}
 q - 2 scrolls of summoning
 s - 4 scrolls of amnesia
 t - 8 scrolls of teleportation
 z - 4 scrolls of vulnerability {!r!r}
 A - a scroll of acquirement {unknown}
 B - 4 scrolls of blinking {!r}
 G - a scroll of holy word {!r}
 H - a scroll of enchant weapon
Potions
 c - 6 potions of flight
 g - 4 potions of curing
 l - 2 potions of attraction {!q}
 o - 5 potions of might
 v - 9 potions of ambrosia
 x - 3 potions of haste
 C - 3 potions of heal wounds
 L - a potion of magic
 P - a potion of invisibility
Miscellaneous
 u - a tin of tremorstones (2/2)


   Skills:
 + Level 10.7 Fighting
 * Level 14.2 Axes
 + Level 1.5 Crossbows
 + Level 8.8 Armour
 + Level 8.8 Dodging
 + Level 2.2 Evocations


You had 12 spell levels left.
You didn't know any spells.
Your spell library was empty.

Dungeon Overview and Level Annotations

Branches:
Dungeon (14/15)            Temple (0/1) D:6            Lair (0/6) D:8
    Orc (0/2) D:11         Vaults (0/5) D:13         Bailey (visited)

Altars:
Gozag
Makhleb
Uskayaw
Wu Jian
Xom

Shops:
D:4 ![([   D:9 *   D:11 (

Annotations:
D:14 2 transporters, exclusion: oklob plant, Axipewex's ghost, journeyman OgTm


Innate Abilities, Weirdness & Mutations

You are completely covered in rugged brown scales. (AC +3, +7% HP)
You have supernaturally acute eyesight. (SInv)
Armour fits poorly on your strangely shaped body.
You can roll at nearby foes to attack.
You have a long armoured tail.
You curl defensively after being hit.
Your tail ends in a poisonous barb.
You have a somewhat thin skeletal structure. (Dex +2, Stealth+)
You are agile. (Dex +2)


Message History

You are too injured to fight recklessly!
You are too injured to fight recklessly!
You are too injured to fight recklessly!
You are too injured to fight recklessly!
Unknown command.
You slash the green ugly thing!
You feel sick.
You take 1 damage, and have 45/111 hp.
You barely miss the green ugly thing.
You feel very sick. The green ugly thing pecks you.
* * * LOW HITPOINT WARNING * * *
You are more poisoned.
The green ugly thing poisons you!
You take 7 damage, and have 38/111 hp.
Your skin crawls.
You feel strong-willed.
You feel extremely sick.
The green ugly thing closely misses you.
You take 9 damage, and have 29/111 hp.
Unknown command.
You barely miss the green ugly thing.
You feel extremely sick.
The green ugly thing completely misses you.
The white ugly thing basks in the mutagenic energy from its kin and changes!
You take 5 damage, and have 24/111 hp.
You hit the green ugly thing.
You feel very sick.
The green ugly thing pecks you but does no damage.
You take 4 damage, and have 20/111 hp.
You slash the green ugly thing!
Lightning courses through the green ugly thing!
You kill the green ugly thing!
You feel very sick.
The white ugly thing basks in the mutagenic energy from its kin and changes!
You take 3 damage, and have 17/111 hp.
You feel very sick. The cyan ugly thing claws you!
* * * LOW HITPOINT WARNING * * *
The cyan ugly thing shocks you!
You die...

#...##..##..#.............>#.#.#
#... #..##..#.#.#.#.#........†..
#....####...#..................#
##.....#.#.#.#...####....
#....#...................
#..#.##.#...............#
##...##.........#.#####.#
#...#####........# #.#
##..uuu@......#..# #.#
#...########.#..# #.# ##..#
#.#..# #.# #..# #.#..# #.# #..#
#.#..# #.# #..# #....# #.# ...#
###.## ##.# ....# #.# #... #####
#.# #..#


You could see 3 ugly things.

Levels and vault maps discovered:
D:1:      dpeg_arrival_tiny_d, layout_rooms, ebering_ecumenical_altar_abandoned
D:2:      layout_basic
D:3:      layout_loops_ring
D:4:      layout_rooms, general_overflow_altar, serial_shops, shop,
          nicolae_shop_window_shopping, kennysheep_mini_moat,
          nicolae_shop_statue_plus, minmay_fractal_squares_5
D:5:      lemuel_castle_with_subvaults [lemuel_castle_interior_carwin_2],
          layout_basic, uniq_pikel
D:6:      kennysheep_slugbush, layout_rooms, gammafunk_temple_overflow_elements,
          temple_doors_e, grunt_ministairs_5, minmay_alternating_orb,
          uniq_duvessa
D:7:      nzn_winding_woodlands_small [nzn_winding_woodlands_5x15_sawtooth,
          nzn_winding_woodlands_center_pierced_h,
          nzn_winding_woodlands_5x15_garden], layout_rooms, chequers_jeans,
          uniq_prince_ribbit1
D:8:      layout_loops_corners, old_standard_altar, dpeg_oklobed_lair,
          uniq_joseph
D:9:      layout_layer_cave, nicolae_shop_clearance
D:10:     layout_irregular_city
D:11:     layout_cave_pools, orc_david_3, lightli_fourway_metalbox
D:12:     layout_rooms, enter_bailey_2
D:13:     layout_loops_ring, hangedman_vaults_entry_quadrant_bands, special_room
          [special_room_bee], nicolae_wu_jian_immortal_techniques
D:14:     layout_loops_ring, nicolae_uskayaw_murder_on_the_dancefloor,
          serial_glass, glass_columns_a, glass_columns_c, glass_columns_b,
          glass_columns_a, glass_columns_a, glass_columns_b, nzn_ghost_randoct,
          minmay_misc_feat_x

Notes
Turn   | Place    | Note
-------+----------+-------------------------------------------
     0 | D:1      | puppykicker the Palentonga Berserker began the quest for
                  | the Orb.
     0 | D:1      | Reached XP level 1. HP: 19/19 MP: 1/1
    21 | D:1      | Identified a +0 whip
    79 | D:1      | Reached XP level 2. HP: 25/25 MP: 2/2
    91 | D:1      | Identified an amulet of magic regeneration
   250 | D:1      | Identified a +0 short sword
   279 | D:1      | Identified a +0 dagger
   398 | D:1      | Found a faded altar of an unknown god.
   410 | D:1      | Identified a +0 short sword
   419 | D:1      | Identified a +0 robe
   433 | D:1      | Identified a +0 cloak
   435 | D:1      | Identified a +0 barding
   451 | D:1      | Identified a +0 hand axe
   690 | D:2      | Reached skill level 2 in Armour
   690 | D:2      | Reached XP level 3. HP: 31/31 MP: 3/3
   732 | D:2      | Identified a +0 whip
   736 | D:2      | Identified a +0 club
   747 | D:2      | Reached skill level 2 in Dodging
   841 | D:2      | Identified a +0 short sword
   855 | D:2      | Identified a potion of cancellation
   856 | D:2      | Identified a potion of brilliance
   857 | D:2      | Identified a potion of might
   858 | D:2      | Identified a potion of mutation
   858 | D:2      | Gained mutation: You are agile. (Dex +2) [potion of
                  | mutation]
   858 | D:2      | Gained mutation: Your tail ends in a poisonous barb.
                  | [potion of mutation]
   858 | D:2      | Gained mutation: You have a somewhat thin skeletal
                  | structure. (Dex +2, Stealth+) [potion of mutation]
   860 | D:2      | HP: 11/46 [poisoned by an adder]
   861 | D:2      | Reached ** piety under Trog
   867 | D:2      | Identified a scroll of identify
   867 | D:2      | Identified a scroll of noise
   868 | D:2      | HP: 4/31 [/a scroll of torment (2)]
   868 | D:2      | Identified a scroll of torment
   873 | D:2      | Reached XP level 4. HP: 8/37 MP: 4/4
   873 | D:2      | HP: 8/37 [poisoned by an adder]
  1099 | D:2      | Identified a +0 dagger
  1107 | D:2      | Identified a +0 dagger
  1141 | D:2      | Reached skill level 4 in Axes
  1145 | D:2      | Identified a ring of wizardry
  1159 | D:2      | Identified a +0 ring mail
  1443 | D:2      | Identified a +0 dagger
  1710 | D:3      | Identified a potion of ambrosia
  1746 | D:3      | Identified a +0 club
  1752 | D:3      | Identified a +0 short sword
  1830 | D:3      | Identified a potion of heal wounds
  1949 | D:3      | Reached XP level 5. HP: 44/44 MP: 5/5
  2233 | D:3      | Identified a +0 club
  2280 | D:4      | Found Wuabriq's Distillery.
  2303 | D:4      | Identified a +2 cloak
  2320 | D:4      | Bought a potion of curing for 39 gold pieces
  2348 | D:4      | Identified a +0 mace
  2348 | D:4      | Identified a +0 leather armour
  2361 | D:4      | Identified a +0 whip
  2372 | D:4      | Identified a +0 dagger
  2373 | D:4      | Identified a +0 giant club
  2373 | D:4      | Noticed an ogre
  2378 | D:4      | Identified a +0 dagger
  2386 | D:4      | Killed an ogre
  2387 | D:4      | Reached skill level 4 in Fighting
  2387 | D:4      | Reached skill level 5 in Axes
  2387 | D:4      | Reached XP level 6. HP: 49/51 MP: 6/6
  2428 | D:4      | Identified 3 potions of flight
  2479 | D:4      | Identified a potion of attraction
  2480 | D:4      | Found Iruasef's Armour Emporium.
  2486 | D:4      | Identified a +0 club
  2486 | D:4      | Identified a +0 leather armour
  2487 | D:4      | Identified a +0 club
  2488 | D:4      | Identified a +0 hand axe
  2488 | D:4      | Identified a +0 leather armour
  2497 | D:4      | Reached *** piety under Trog
  2522 | D:4      | Found Piomim's Antique Weapon Shop.
  2550 | D:4      | Reached skill level 3 in Armour
  2550 | D:4      | Reached skill level 3 in Dodging
  2659 | D:4      | Identified a +0 dagger
  2687 | D:4      | Bought a war axe for 70 gold pieces
  2687 | D:4      | Identified a +0 war axe (You bought it in a shop on level 4
                  | of the Dungeon)
  2898 | D:4      | Found an opulent altar of Gozag.
  2920 | D:4      | Found Uckuruef's Armour Boutique.
  2923 | D:4      | Bought a +0 pair of gloves for 54 gold pieces
  3044 | D:5      | Entered Level 5 of the Dungeon
  3100 | D:5      | Identified a +0 giant club
  3100 | D:5      | Identified a +0 dagger
  3153 | D:5      | HP: 19/78 [ogre (11)]
  3155 | D:5      | Gained mutation: You curl defensively after being hit.
                  | [Palentonga growth]
  3155 | D:5      | Reached XP level 7. HP: 23/58 MP: 7/7
  3440 | D:5      | Identified a +0 leather armour
  3462 | D:5      | Identified a +0 flail
  3462 | D:5      | Identified a +0 dagger
  3462 | D:5      | Identified a +0 robe
  3464 | D:5      | Identified a +0 short sword
  3464 | D:5      | Identified a +0 leather armour
  3464 | D:5      | Identified a +0 flail
  3467 | D:5      | Identified a +0 whip
  3477 | D:5      | Reached skill level 6 in Axes
  3481 | D:5      | Identified a +0 chain mail
  3551 | D:5      | Identified a +0 spear
  3600 | D:5      | Identified a +1 whip of freezing
  3600 | D:5      | Identified a +0 whip
  3600 | D:5      | Identified a +3 flail
  3600 | D:5      | Identified a +0 leather armour
  3600 | D:5      | Identified a +0 spear
  3600 | D:5      | Identified a +0 giant club
  3600 | D:5      | Identified a +0 club
  3600 | D:5      | Identified a +0 leather armour
  3600 | D:5      | Identified a +0 trident
  3692 | D:5      | Identified a +0 spear
  3692 | D:5      | Identified a +0 mace
  3695 | D:5      | Identified a +1 whip of flaming
  3695 | D:5      | Identified a +0 robe
  3695 | D:5      | Noticed Pikel
  3700 | D:5      | Identified a +0 flail
  3700 | D:5      | Identified a +0 leather armour
  3718 | D:5      | Killed Pikel
  3719 | D:5      | Reached skill level 5 in Fighting
  3719 | D:5      | Reached skill level 7 in Axes
  3719 | D:5      | Reached skill level 4 in Armour
  3719 | D:5      | Reached skill level 4 in Dodging
  3719 | D:5      | Reached XP level 8. HP: 42/67 MP: 8/8
  3888 | D:5      | Identified a +1 hat
  3921 | D:5      | Identified a +0 flail
  3921 | D:5      | Identified a +0 flail
  3921 | D:5      | Identified a +0 hand axe
  3937 | D:5      | Identified a +0 flail
  3946 | D:5      | Identified a +0 hand axe
  3946 | D:5      | Identified a +0 hand axe
  3946 | D:5      | Identified a +0 scale mail
  3946 | D:5      | Identified a +0 spear
  3978 | D:5      | Identified a +0 spear
  3981 | D:5      | Identified a +0 whip
  3982 | D:5      | Identified a +0 club
  3997 | D:5      | Identified a +0 club
  4005 | D:5      | Identified a +0 flail
  4013 | D:5      | Identified a +0 flail
  4013 | D:5      | Identified a +0 spear
  4029 | D:5      | Identified a +0 dagger
  4029 | D:5      | Identified a +0 chain mail
  4037 | D:5      | Reached **** piety under Trog
  4051 | D:5      | Identified a +0 trident
  4051 | D:5      | Identified a +0 leather armour
  4051 | D:5      | Identified a +0 club
  4051 | D:5      | Identified a +0 flail
  4071 | D:5      | Identified a +2 short sword of speed
  4071 | D:5      | Identified a +0 ring mail
  4241 | D:5      | Identified a +0 spear
  4241 | D:5      | Identified a +0 flail
  4241 | D:5      | Identified a +0 dagger
  4299 | D:5      | Identified a +6 ring of intelligence
  4456 | D:5      | Identified a potion of lignification
  4457 | D:5      | Identified a scroll of enchant armour
  4572 | D:5      | Identified a +0 leather armour
  4723 | D:6      | Identified a +0 short sword
  4723 | D:6      | Identified a +0 plate armour
  4723 | D:6      | Identified a +0 trident
  4723 | D:6      | Identified a +0 ring mail
  4723 | D:6      | Identified a +0 club
  4723 | D:6      | Identified a +0 whip
  4723 | D:6      | Identified a +1 leather armour of willpower
  4833 | D:6      | Reached skill level 6 in Fighting
  4833 | D:6      | Reached skill level 8 in Axes
  4858 | D:6      | Identified a +0 club
  4861 | D:6      | Identified a +2 shortbow of flaming
  4871 | D:6      | Reached XP level 9. HP: 64/73 MP: 9/9
  4919 | D:6      | Identified a +0 giant club
  4940 | D:6      | Found a staircase to the Ecumenical Temple.
  4985 | D:6      | Identified a +0 whip
  4997 | D:6      | Identified a +0 shortbow
  5028 | D:6      | Identified a +0 halberd
  5028 | D:6      | Identified a +0 robe
  5221 | D:6      | Identified a +0 giant club
  5224 | D:6      | Identified a +0 flail
  5233 | D:6      | Identified a +0 short sword
  5233 | D:6      | Identified a +0 ring mail
  5233 | D:6      | Noticed Duvessa
  5233 | D:6      | Identified a +0 dagger
  5233 | D:6      | Identified a +2 robe of willpower
  5233 | D:6      | Noticed Dowan
  5234 | D:6      | Identified a +0 giant club
  5236 | D:6      | Identified a +0 quarterstaff
  5239 | D:6      | Identified a +0 giant spiked club
  5248 | D:6      | Killed Duvessa
  5254 | D:6      | Reached skill level 5 in Armour
  5254 | D:6      | Reached skill level 5 in Dodging
  5264 | D:6      | Reached skill level 9 in Axes
  5284 | D:6      | Killed Dowan
  5293 | D:6      | Reached ***** piety under Trog
  5573 | D:6      | Identified a +0 quarterstaff
  5573 | D:6      | Identified a +0 robe
  5646 | D:6      | Identified a +0 glaive
  5646 | D:6      | Identified a +0 plate armour
  5646 | D:6      | Identified a +0 dagger
  5646 | D:6      | Identified a +0 robe
  5647 | D:6      | Identified a +0 dagger
  5647 | D:6      | Identified a +0 robe
  5755 | D:6      | Identified a +4 shortbow
  5781 | D:6      | Reached skill level 7 in Fighting
  5914 | D:6      | Identified 2 scrolls of teleportation
  5956 | D:6      | Identified a +0 pair of gloves
  5957 | D:6      | Identified a +0 dagger
  6100 | D:6      | Found a burning altar of Makhleb.
  6100 | D:6      | Found a hide-covered altar of Uskayaw.
  6178 | D:6      | Identified a +0 falchion
  6178 | D:6      | Identified a +0 robe
  6178 | D:6      | Noticed a kobold demonologist
  6183 | D:6      | Noticed a soul eater
  6185 | D:6      | Killed a kobold demonologist
  6278 | D:7      | Identified a +0 spear
  6278 | D:7      | Identified a +0 scale mail
  6278 | D:7      | Identified a +0 buckler
  6278 | D:7      | Identified a +0 whip
  6278 | D:7      | Identified a +0 club
  6278 | D:7      | Identified a +0 spear
  6319 | D:7      | Identified a +0 spear
  6355 | D:7      | Noticed Prince Ribbit
  6445 | D:4      | Bought a potion of haste for 130 gold pieces
  6445 | D:4      | Bought a potion of haste for 130 gold pieces
  6607 | D:7      | Reached XP level 10. HP: 84/84 MP: 10/10
  6935 | D:7      | Identified a scroll of amnesia
  6957 | D:7      | Identified a +0 shortbow
  6957 | D:7      | Identified a +0 dagger
  6957 | D:7      | Identified a +0 robe
  6957 | D:7      | Identified a +0 dagger
  6957 | D:7      | Identified a +0 robe
  6957 | D:7      | Noticed a purple ugly thing
  6958 | D:7      | Noticed a boulder beetle
  6960 | D:7      | Identified a +0 long sword
  6960 | D:7      | Identified a +0 leather armour
  6960 | D:7      | Noticed a deep elf pyromancer
  6960 | D:7      | Identified a +2 glaive of protection
  6960 | D:7      | Identified a +0 plate armour
  6961 | D:7      | Identified a +0 hand axe
  6968 | D:7      | Identified a +0 dagger
  6968 | D:7      | Identified a +0 robe
  6974 | D:7      | Killed a purple ugly thing
  6975 | D:7      | Reached skill level 10 in Axes
  7031 | D:7      | Noticed a sixfirhy
  7035 | D:7      | Noticed an orange demon
  7328 | D:7      | Identified a ring of willpower
  7396 | D:7      | HP: 19/84 [Prince Ribbit (10)]
  7398 | D:7      | Killed Prince Ribbit
  7668 | D:7      | Killed a deep elf pyromancer
  7669 | D:7      | Reached skill level 6 in Armour
  7669 | D:7      | Reached skill level 6 in Dodging
  7906 | D:7      | Identified a +0 kite shield
  7915 | D:7      | Identified a +0 spear
  7915 | D:7      | Identified a ring of protection from fire
  8032 | D:7      | Killed a boulder beetle
  8033 | D:7      | Reached skill level 8 in Fighting
  8277 | D:8      | Identified a +0 shortbow
  8336 | D:8      | Found a staircase to the Lair.
  8340 | D:8      | Identified a +0 shortbow
  8382 | D:8      | Identified a +0 giant spiked club
  8382 | D:8      | Identified a +0 giant spiked club
  8382 | D:8      | Noticed a two-headed ogre
  8392 | D:8      | Killed a two-headed ogre
  8393 | D:8      | Reached skill level 11 in Axes
  8460 | D:8      | Identified a scroll of summoning
  8468 | D:8      | Identified a +2 great sword
  8468 | D:8      | Identified a +0 robe
  8468 | D:8      | Identified a +4 dagger
  8468 | D:8      | Identified a +0 robe
  8468 | D:8      | Identified a +7 morningstar
  8468 | D:8      | Identified a +0 robe
  8652 | D:8      | Reached XP level 11. HP: 88/92 MP: 11/11
  8705 | D:8      | Identified a +0 quarterstaff
  8705 | D:8      | Identified a +1 hunting sling of freezing
  8705 | D:8      | Identified a +3 ring mail of positive energy
  8705 | D:8      | Noticed Joseph
  8726 | D:8      | Killed Joseph
  8980 | D:8      | Identified a +0 club
  8980 | D:8      | Identified a +0 whip
  8980 | D:8      | Identified a +0 short sword
  8980 | D:8      | Identified a +0 club
  8982 | D:8      | Identified a +0 short sword
  8982 | D:8      | Identified a +0 dagger
  8985 | D:8      | Identified a +2 whip of draining
  9218 | D:8      | Found a shimmering altar of Xom.
  9259 | D:8      | Identified a +0 falchion
  9423 | D:9      | Identified a +0 falchion
  9423 | D:9      | Identified a +0 leather armour
  9423 | D:9      | Identified a +0 dagger
  9423 | D:9      | Identified a +0 robe
  9426 | D:9      | Identified a +0 dagger
  9426 | D:9      | Identified a +2 robe of positive energy
  9426 | D:9      | Identified a +2 flail of protection
  9426 | D:9      | Identified a +0 club
  9426 | D:9      | Identified a +0 ring mail
  9449 | D:9      | Found Alaff's CLEARANCE SALE! EVERYTHING MUST GO!.
  9456 | D:9      | Bought a scroll of teleportation for 21 gold pieces
  9456 | D:9      | Bought a potion of ambrosia for 56 gold pieces
  9759 | D:9      | Identified +0 steam dragon scales
 10023 | D:9      | Identified a +0 dire flail
 10023 | D:9      | Identified a +0 giant club
 10023 | D:9      | Noticed a two-headed ogre
 10031 | D:9      | HP: 22/93 [killer bee (4)]
 10034 | D:9      | Identified a +0 giant club
 10034 | D:9      | Identified a +0 giant club
 10036 | D:9      | HP: 19/93 [poisoned by a killer bee]
 10038 | D:9      | Killed a two-headed ogre
 10145 | D:9      | Identified +0 steam dragon scales
 10151 | D:9      | Identified a +0 flail
 10301 | D:9      | Identified a +0 dagger
 10302 | D:9      | Identified a +0 short sword
 10303 | D:9      | Identified a +0 club
 10303 | D:9      | Identified a +0 dagger
 10710 | D:9      | Identified a +0 dagger
 10710 | D:9      | Identified a +0 robe
 10710 | D:9      | Identified a +0 dagger
 10710 | D:9      | Identified a +0 robe
 10711 | D:9      | Identified a +0 dagger
 10711 | D:9      | Identified a +0 robe
 10711 | D:9      | Identified a +0 dagger
 10711 | D:9      | Identified a +2 robe of cold resistance
 10745 | D:9      | Identified a ring of protection from cold
 11026 | D:9      | Identified the +4 dagger of Piozao {speed, rF+ Int+3}
 11236 | D:9      | Identified a +0 whip
 11263 | D:10     | Entered Level 10 of the Dungeon
 11304 | D:10     | Identified 2 scrolls of blinking
 11314 | D:10     | Reached skill level 7 in Armour
 11328 | D:10     | Identified a ring of positive energy
 11356 | D:10     | Identified a +0 troll leather armour
 11590 | D:10     | Paralysed by a hornet for 1 turns
 11594 | D:10     | Paralysed by a hornet for 1 turns
 11597 | D:10     | Reached skill level 7 in Dodging
 11808 | D:10     | Identified a +0 mace
 11823 | D:10     | Reached skill level 9 in Fighting
 11823 | D:10     | Reached skill level 12 in Axes
 12008 | D:10     | Identified a +0 short sword
 12050 | D:10     | Identified a scroll of immolation
 12051 | D:10     | Identified a scroll of vulnerability
 12151 | D:10     | Identified a +0 whip
 12152 | D:10     | Identified a +0 spear
 12152 | D:10     | Identified a +0 ring mail
 12152 | D:10     | Identified a +0 kite shield
 12152 | D:10     | Identified a +0 club
 12154 | D:10     | Identified a +0 spear
 12154 | D:10     | Identified a +0 spear
 12350 | D:11     | HP: 22/95 [slime creature (7)]
 12545 | D:11     | Identified a +0 hand axe
 12545 | D:11     | Identified a +0 leather armour
 12548 | D:11     | Identified 2 scrolls of fear
 12549 | D:11     | Identified a scroll of fog
 12550 | D:11     | Identified a scroll of holy word
 12577 | D:11     | Identified a +0 dagger
 12577 | D:11     | Identified a +0 robe
 12577 | D:11     | Identified a +1 war axe of electrocution
 12577 | D:11     | Identified a +0 plate armour
 12585 | D:11     | Identified a +0 club
 12597 | D:11     | Identified a +0 dagger
 12599 | D:11     | Identified a +0 flail
 12610 | D:11     | Identified a +0 giant spiked club
 12614 | D:11     | Identified a +0 giant club
 12614 | D:11     | Identified a +0 giant spiked club
 12660 | D:11     | Identified a +0 hand axe of flaming
 12660 | D:11     | Identified a +0 robe
 12661 | D:11     | Identified a +0 flail
 12661 | D:11     | Identified a +0 robe
 12693 | D:11     | Identified a scroll of magic mapping
 12723 | D:11     | Identified a scroll of enchant weapon
 12805 | D:11     | Identified a +0 battleaxe
 12805 | D:11     | Identified a +0 chain mail
 12805 | D:11     | Noticed a death knight
 12829 | D:11     | Killed a death knight
 12838 | D:11     | Reached XP level 12. HP: 73/102 MP: 12/12
 12886 | D:11     | Found a staircase to the Orcish Mines.
 12886 | D:11     | Identified a +0 war axe
 12887 | D:11     | Identified a +0 club
 12887 | D:11     | Identified a +0 chain mail
 12887 | D:11     | Identified a +0 hand axe
 12887 | D:11     | Identified a +0 club
 12887 | D:11     | Identified a +0 dagger
 12892 | D:11     | Found Risaomutopp's Weapon Shoppe.
 12892 | D:11     | Identified a +2 long sword of holy wrath
 12892 | D:11     | Identified a +0 plate armour
 12895 | D:11     | Identified a +0 club
 12928 | D:11     | Identified a +0 chain mail
 12972 | D:11     | Identified a scarf of resistance
 13202 | D:12     | Found a flagged portal.
 13209 | D:12     | Identified a +0 hand axe
 13211 | D:12     | Identified a +0 hand axe
 13224 | D:12     | Identified a +0 hand axe
 13259 | Bailey   | Entered a bailey
 13279 | Bailey   | Identified a +0 war axe
 13279 | Bailey   | Identified a +0 plate armour
 13302 | Bailey   | Identified a +0 hand axe
 13302 | Bailey   | Identified a +0 leather armour
 13302 | Bailey   | Identified a +0 hand axe
 13302 | Bailey   | Identified a +0 leather armour
 13302 | Bailey   | Identified a +0 hand axe
 13302 | Bailey   | Identified a +0 leather armour
 13304 | Bailey   | Found a bloodstained altar of Trog.
 13304 | Bailey   | Identified a +0 broad axe
 13304 | Bailey   | Identified a +0 chain mail
 13304 | Bailey   | Identified a +0 war axe
 13304 | Bailey   | Identified a +0 plate armour
 13355 | Bailey   | Identified a +3 leather armour of cold resistance
 13709 | D:12     | Identified a potion of invisibility
 13710 | D:12     | Identified a potion of magic
 13792 | D:12     | Reached skill level 13 in Axes
 13805 | D:12     | Identified a +0 quarterstaff
 14061 | D:13     | Reached skill level 8 in Armour
 14110 | D:13     | Found an ornate altar of the Wu Jian Council.
 14126 | D:13     | Noticed a four-headed hydra
 14129 | D:13     | Identified a +0 hand axe
 14129 | D:13     | Identified a +0 leather armour
 14129 | D:13     | Identified a +0 broad axe
 14129 | D:13     | Identified a +0 robe
 14131 | D:13     | Identified a +0 hand axe
 14131 | D:13     | Identified a +0 robe
 14139 | D:13     | Killed a one-headed hydra
 14140 | D:13     | Reached skill level 8 in Dodging
 14143 | D:13     | HP: 31/154 [meliai/divine providence (10)]
 14155 | D:13     | HP: 22/154 [meliai (11)]
 14156 | D:13     | HP: 7/154 [meliai/divine providence (8)]
 14160 | D:13     | Reached skill level 10 in Fighting
 14161 | D:13     | HP: 11/154 [killer bee (2)]
 14165 | D:13     | Identified a +0 shortbow
 14165 | D:13     | Noticed a centaur warrior
 14167 | D:13     | HP: 15/154 [poisoned by a killer bee]
 14168 | D:13     | Identified a +0 mace
 14168 | D:13     | Identified a +0 chain mail
 14171 | D:13     | Identified a +0 arbalest
 14172 | D:13     | HP: 24/103 [killer bee (5)]
 14172 | D:13     | Identified a +0 arbalest
 14174 | D:13     | Killed a centaur warrior
 14176 | D:13     | Identified a +3 vorpal scimitar
 14176 | D:13     | Identified a +0 ring mail
 14176 | D:13     | Identified a +0 buckler
 14179 | D:13     | Identified a +0 rapier
 14179 | D:13     | Identified a +0 ring mail
 14217 | D:13     | Identified a +0 battleaxe
 14409 | D:13     | Identified a +0 arbalest
 14409 | D:13     | Identified a +0 dire flail
 14409 | D:13     | Identified a +0 chain mail
 14409 | D:13     | Identified a +0 rapier
 14445 | D:13     | Identified a +0 arbalest
 14459 | D:13     | Identified a +0 war axe
 14459 | D:13     | Identified a +0 plate armour
 14460 | D:13     | Identified a +0 long sword
 14594 | D:13     | Identified a +0 club
 14648 | D:13     | Identified a +0 club
 14702 | D:13     | Found a gate to the Vaults.
 14783 | D:13     | Noticed a boulder beetle
 14809 | D:13     | Killed a boulder beetle
 14810 | D:13     | Reached XP level 13. HP: 71/111 MP: 13/13
 15018 | D:14     | Reached skill level 1 in Evocations
 15018 | D:14     | Identified a +2 longbow of flaming
 15025 | D:14     | Reached skill level 14 in Axes
 15077 | D:14     | Found a hide-covered altar of Uskayaw.
 15122 | D:14     | Found a transporter.
 15125 | D:14     | Identified a +0 shortbow
 15126 | D:14     | Identified a +0 shortbow
 15128 | D:14     | Identified a +0 shortbow
 15129 | D:14     | Identified a +0 dagger
 15129 | D:14     | Identified a +0 leather armour
 15129 | D:14     | Identified a +0 shortbow
 15130 | D:14     | Identified a +0 longbow of freezing
 15136 | D:14     | Found a transporter.
 15136 | D:14     | Noticed Axipewex's ghost (journeyman OgTm)
 15159 | D:14     | Identified a +0 dagger of protection
 15159 | D:14     | Identified a +0 robe
 15169 | D:14     | Identified a +1 great sword of distortion
 15169 | D:14     | Identified a +0 leather armour
 15310 | D:14     | Identified a +1 scimitar of flaming
 15415 | D:14     | Identified a +0 shortbow
 15417 | D:14     | Identified a +0 shortbow
 15420 | D:14     | Identified a +0 shortbow
 15426 | D:14     | Reached skill level 1 in Crossbows
 15480 | D:14     | Identified an amulet of faith
 15537 | D:14     | Identified an amulet of reflection
 15566 | D:14     | Reached skill level 2 in Evocations
 15753 | D:14     | HP: 24/111 [poisoned by a green ugly thing]
 15756 | D:14     | HP: 4/111 [cyan ugly thing (9)]
 15756 | D:14     | Mangled by a cyan ugly thing

Table legend: (Time is in decaauts)
 A = Elapsed time spent in this place.
 B = Non-inter-level travel time spent in this place.
 C = Inter-level travel time spent in this place.
 D = Time resting spent in this place.
 E = Time spent auto-exploring this place.
 F = Levels seen in this place.
 G = Mean time per level.
                   A        B        C        D        E       F      G
               +--------+--------+--------+--------+--------+-----+--------+
         Total |  15894 |  15276 |    618 |   4456 |   7749 |  15 | 1059.6 |
       Dungeon |  15677 |  15059 |    618 |   4429 |   7745 |  14 | 1119.8 |
        Bailey |    217 |    217 |      0 |     27 |      4 |   1 |  217.0 |
               +--------+--------+--------+--------+--------+-----+--------+

Top non-repeatable levels by time:
     D:5: 1925 daAuts
     D:9: 1848 daAuts
     D:6: 1787 daAuts
     D:7: 1582 daAuts
    D:10: 1232 daAuts
     D:8: 1151 daAuts
    D:13: 1021 daAuts
     D:4: 878 daAuts
     D:2: 838 daAuts
     D:3: 750 daAuts
    D:14: 726 daAuts
     D:1: 688 daAuts
    D:11: 659 daAuts
    D:12: 585 daAuts
  Bailey: 217 daAuts

Table legend:
 A = Kills in this place as a percentage of kills in entire the game.
 B = Kills by you in this place as a percentage of kills by you in the entire game.
 C = Kills by friends in this place as a percentage of kills by friends in the entire game.
 D = Other kills in this place as a percentage of other kills in the entire game.
 E = Experience gained in this place as a percentage of experience gained in the entire game.
 F = Experience gained in this place divided by the number of levels of this place that you have seen.
                   A       B       C       D       E      F
               +-------+-------+-------+-------+-------+----------------------
         Total | 100.0 | 100.0 | 100.0 |   N/A | 100.0 | 3106.9
       Dungeon |  97.3 |  97.0 | 100.0 |   N/A |  98.1 | 3266.0
        Bailey |   2.7 |   3.0 |   0.0 |   N/A |   1.9 | 879.0
               +-------+-------+-------+-------+-------+----------------------

Skill      XL: |  1  2  3  4  5  6  7  8  9 10 11 12 13 |
---------------+----------------------------------------+-----
Armour         | 2 3 4 5 6 7 8 |  8.8
Dodging        | 2 3 4 5 6 7 8 |  8.8
Axes           | 4 5 7 8 9 11 12 13 14 | 14.2
Fighting       | 4 5 6 7 8 9 10 | 10.7
Evocations     | 2 |  2.2
Crossbows      | 1 |  1.5

Action                   |  1- 3 |  4- 6 |  7- 9 | 10-12 | 13-15 || total
-------------------------+-------+-------+-------+-------+-------++-------
Melee: Hand axe          |    85 |   147 |       |     5 |    22 ||   259
       Tailslap          |     7 |    16 |    73 |   125 |    15 ||   236
       War axe           |       |     5 |   342 |   679 |    43 ||  1069
 Fire: Arbalest          |       |       |       |       |     1 ||     1
Throw: Dart              |       |       |       |     5 |     4 ||     9
Invok: Berserk           |     1 |     3 |     5 |     5 |       ||    14
       Trog's Hand       |     1 |     2 |     4 |     4 |     1 ||    12
       Brothers in Arms  |       |       |       |     7 |     1 ||     8
 Abil: Rolling Charge    |    20 |    15 |     9 |    36 |     6 ||    86
Evoke: Wand              |       |       |       |     5 |     1 ||     6
  Use: Potion            |     4 |       |     1 |     2 |       ||     7
       Scroll            |     2 |     4 |     4 |    20 |       ||    30
 Stab: Sleeping          |       |     2 |     2 |     3 |       ||     7
       Distracted        |       |       |       |     2 |       ||     2
Armor: Animal skin       |    41 |    13 |       |       |       ||    54
       Ring mail         |       |    89 |   292 |   226 |       ||   607
       Skin              |       |       |    34 |       |       ||    34
       Troll leather arm |       |       |       |   240 |    52 ||   292
Dodge: Dodged            |    50 |    68 |   179 |   367 |    27 ||   691

Vanquished Creatures
  3 hydras
  2 boulder beetles
  2 centaur warriors (D:14)
  A death knight (D:11)
  A two-headed ogre (D:8)
  A skeletal warrior (D:13)
  A wizard (D:14)
  Pikel (D:5)
  2 orc knights
  3 deep elf pyromancers
  2 cyclopes
  3 ugly things (D:14)
  2 manticores
  Joseph (D:8)
  2 gargoyles
  2 kobold demonologists
  An efreet (D:14)
  2 yaktaurs (D:13)
  A tengu conjurer (D:13)
  6 meliai
  3 trolls
  Prince Ribbit (D:7)
  8 slime creatures
  A hornet (D:10)
  A meliai zombie (D:11)
  A centaur simulacrum (D:14)
  2 vampires
  A wraith (D:7)
  A wyvern (D:10)
  A basilisk (D:12)
  6 yaks
  4 steam dragons
  2 acid dragons
  3 water moccasins
  7 orc warriors
  Duvessa (D:6)
  2 sky beasts
  2 black bears
  An ice beast (D:8)
  8 centaurs
  7 ogres
  A lemure (D:5)
  A phantom (D:7)
  2 kobold brigands
  2 gnoll sergeants
  A bullfrog (D:8)
  4 scorpions
  Dowan (D:6)
  A water moccasin skeleton (D:4)
  27 killer bees
  4 wights
  5 howler monkeys
  A bullfrog zombie (D:6)
  6 centaur zombies
  5 hounds
  4 orc priests
  2 bullfrog skeletons
  6 centaur skeletons
  2 iguanas
  11 orc wizards
  3 killer bee zombies
  A howler monkey zombie (D:6)
  11 adders
  27 gnolls
  A white imp (D:7)
  A worm (D:3)
  16 dart slugs
  37 orcs
  7 ball pythons
  8 bats
  5 endoplasms
  A giant cockroach (D:1)
  8 goblins
  8 hobgoblins
  13 jackals (D:5)
  21 kobolds
  5 quokkas
  4 frilled lizards
  5 rats
370 creatures vanquished.

Vanquished Creatures (collateral kills)
  A two-headed ogre (D:9)
  A centaur warrior (D:13)
  A tengu warrior (D:14)
  A deep elf knight (D:13)
  A deep elf pyromancer (D:13)
  An ugly thing (D:7)
  2 yaktaurs (D:13)
  A queen bee (D:13)
  2 slime creatures (D:11)
  A troll (D:11)
  3 yaks (D:11)
  A vampire mosquito (D:7)
  2 orc warriors
  A bullfrog (D:7)
  A scorpion (D:7)
  7 killer bees
  A jelly (D:7)
  An orc wizard (D:7)
  A shadow imp (D:7)
  2 orcs (D:11)
32 creatures vanquished.

Vanquished Creatures (others)
  A wyvern simulacrum (D:7)
  An orc wizard (D:7)
  A howler monkey zombie (D:7)
  An ufetubus (D:7)
  5 plants
9 creatures vanquished.

Grand Total: 411 creatures vanquished
